 Dungeon Crawl Stone Soup version 0.31.0-32-g396128a36d (webtiles) character file.

Game seed: 3578874034881925770

1354 Dadi the Changeling (level 8, -4/73 HPs)
             Began as a Naga Shapeshifter on Mar 24, 2024.
             Was an Initiate of Wu Jian.
             Slain by a killer bee (5 damage)
             ... on level 7 of the Dungeon on Mar 26, 2024.
             The game lasted 00:17:39 (6127 turns).

Dadi the Changeling (Naga Shapeshifter)             Turns: 6127, Time: 00:17:39

Health: -4/73      AC:  2    Str: 20    XL:     8   Next: 63%
Magic:  8/8        EV: 13    Int: 10    God:    Wu Jian [......]
Gold:   291        SH:  0    Dex: 10    Spells: 7/7 levels left

rFire   . .          .
                       - Unarmed
rCold   . . .        (shield currently unavailable)
rNeg    . . .        e - melded +1 robe {rC+}
rPois   +            (no helmet)
rElec   .            (no cloak)
rCorr   .            (no gloves)
SInv    +            (no barding)
Will    +....        (no amulet)
Stlth   +            (no ring)
HPRegen 0.32/turn    (no ring)
MPRegen 0.11/turn

%: no passive effects
@: flux-form, glowing, very slow
A: glow, contaminating, AC +2, large, see invisible, deformed body, poison
resistance, slowness 2, spit poison 1, naga tail 1
a: Spit Poison, Begin Untransformation, Renounce Religion


You were on level 7 of the Dungeon.
You worshipped Wu Jian.
Wu Jian was noncommittal.
You were something dangerously unstable.
You visited 1 branch of the dungeon, and saw 7 of its levels.

You collected 291 gold pieces.

Inventory:

Armour
 a - a +0 animal skin
 e - a +1 robe of cold resistance (melded)
Talismans
 c - a beast talisman
 d - a flux talisman (active)
Wands
 s - a wand of charming (31)
Scrolls
 f - 6 scrolls of identify
 g - a scroll of fog
 i - 6 scrolls of teleportation {unknown}
 n - 2 scrolls of vulnerability {unknown}
 o - a scroll of noise
 q - 2 scrolls of amnesia {unknown}
 t - a scroll of poison {unknown}
 v - a scroll of butterflies {unknown}
Potions
 b - 3 potions of lignification
 h - 4 potions of haste {unknown}
 j - 2 potions of curing {unknown}
 l - a potion of enlightenment {unknown}
 m - a potion of ambrosia {unknown}
 p - a potion of might {unknown}
 r - a potion of heal wounds {unknown}
 u - a potion of mutation {unknown}
 w - a potion of cancellation {unknown}


   Skills:
 * Level 4.4 Fighting
 - Level 1.5 Dodging
 + Level 6.9 Unarmed Combat
 - Level 7.0 Shapeshifting


You had 7 spell levels left.
You didn't know any spells.
Your spell library contained the following spells:

 Spells                   Type           Power      Damage    Failure   Level
 Dazzling Flash           Conj/Hex       0%         N/A       75%         3
 Mephitic Cloud           Conj/Alch/Air  0%         N/A       75%         3
 Volatile Blastmotes      Fire/Tloc      0%         2d10      75%         3
 Fulminant Prism          Conj/Alch      0%         3d5       98%         4
 Iskenderun's Mystic Bla  Conj/Tloc      0%         2d3       98%         4
 Curse of Agony           Necr           0%         N/A       100%        5
 Silence                  Hex/Air        0%         N/A       100%        5


Dungeon Overview and Level Annotations

Branches:
Dungeon (7/15)             Temple (0/1) D:6

Altars:
Elyvilon
Fedhas
Gozag
Kikubaaqudgha
Nemelex Xobeh
Okawaru
Qazlal
Ru
Wu Jian
Xom
Yredelemnul
The Shining One

Shops:
D:1 *   D:3 [   D:4 [=   D:6 ((=[


Innate Abilities, Weirdness & Mutations

You are something dangerously unstable.
You glow with magical radiation, making you easy to see and hit.
Foes you strike become dangerously contaminated with magical radiation.
You are incapable of wielding weapons or throwing items.
Your serpentine skin is tough. (AC +2)
You have supernaturally acute eyesight. (SInv)
Armour fits poorly on your strangely shaped body.
Your system is resistant to poisons. (rPois)
You cover ground very slowly.
You can spit poison.
You have a snake-like lower body.


Message History

The killer bee stings you.
Okay, then.
You miss the killer bee. The killer bee stings you.
The killer bee barely misses you.
You miss the killer bee. The killer bee stings you!
You completely miss the killer bee. The killer bee stings you!
The killer bee barely misses you.
You punch the killer bee!
The killer bee begins to glow.
The killer bee is moderately wounded.
The killer bee closely misses you.
The killer bee stings you but does no damage.
You barely miss the killer bee.
The killer bee is moderately wounded.
The killer bee stings you.
* * * LOW HITPOINT WARNING * * *
The killer bee closely misses you.
You hit the killer bee.
The killer bee glows dangerously bright.
The killer bee is heavily wounded.
The killer bee misses you.
You hit the killer bee.
The killer bee shudders as magic cascades through it.
The killer bee twists and deforms.
The killer bee is severely wounded.
The killer bee attacks as it pursues you!
The killer bee misses you. The killer bee stings you!
* * * LOW HITPOINT WARNING * * *
The killer bee attacks as it pursues you!
The killer bee stings you but does no damage.
The killer bee misses you. The killer bee barely misses you.
The killer bee attacks as it pursues you!
The killer bee stings you.
* * * LOW HITPOINT WARNING * * *
The killer bee closely misses you. The killer bee barely misses you. x2
The killer bee attacks as it pursues you!
The killer bee stings you!
* * * LOW HITPOINT WARNING * * *
The killer bee closely misses you. The killer bee stings you.
You die...

*****,,,*###.#.##....##.* *,*,*
,,,,,,,,,..#.#.#.....##.* *,*,*
,**,,,,,*............##.****,*,*
,,,,,,,,,.)#.###.....##.,,,,,,,*
,,,,,,,,*.<#.###.>...##.******,*
,*,,,,,,,..........#.##.* *,*
*,*,,,,,,.....§...§..##.* **,*
****,*,**....###<######.* *,,*
,*,,,,,,,...####p######.* *,,*
,*****,**...####y######.* *,,*
**,,**,**...####y######.* *,,*
+,,,,*,**...####y######.* *,,*
*,,,,*,**...####y######.#****,,*
**,,**,**......>..†.y....,,,,,,*
,**+**,,,..#########.####*******
,**,,**,*#...>.#####.###
,*,,,,*,**,,*,*,****,*


You could see 4 killer bees.

Vanquished Creatures
  A steam dragon (D:6)
  An ogre (D:4)
  2 centaurs (D:6)
  A kobold brigand (D:6)
  A scorpion (D:6)
  2 killer bees (D:7)
  A howler monkey (D:5)
  2 jellies
  2 hounds
  A sleepcap (D:5)
  Jessica (D:2)
  4 iguanas
  Natasha (D:2)
  6 orc wizards
  10 gnolls
  7 adders
  A white imp (D:6)
  3 dart slugs
  18 orcs
  7 ball pythons
  6 bats
  10 endoplasms
  2 giant cockroaches (D:1)
  6 goblins
  5 hobgoblins
  2 jackals (D:4)
  4 quokkas
  6 frilled lizards
  5 kobolds
  7 rats
125 creatures vanquished.

Notes
Turn   | Place    | Note
-------+----------+-------------------------------------------
     0 | D:1      | Dadi the Naga Shapeshifter began the quest for the Orb.
     0 | D:1      | Reached XP level 1. HP: 18/18 MP: 1/1
    90 | D:1      | Reached XP level 2. HP: 8/25 MP: 2/2
   549 | D:1      | Found Ifabuf's Assorted Antiques.
   609 | D:1      | Reached XP level 3. HP: 30/31 MP: 3/3
   759 | D:2      | Noticed Natasha
   827 | D:2      | Reached XP level 4. HP: 4/38 MP: 4/4
  1140 | D:2      | Reached skill level 4 in Shapeshifting
  1684 | D:2      | Killed Natasha
  1685 | D:2      | Reached XP level 5. HP: 13/44 MP: 5/5
  1686 | D:2      | Reached skill level 5 in Unarmed Combat
  1901 | D:3      | Noticed Jessica
  2036 | D:3      | Found Uxzay's Armour Shoppe.
  2294 | D:2      | Killed Jessica
  2464 | D:3      | Reached XP level 6. HP: 45/51 MP: 6/6
  2491 | D:3      | Found a white marble altar of Elyvilon.
  2491 | D:3      | Found a stormy altar of Qazlal.
  2943 | D:4      | Found Higips's Jewellery Emporium.
  2991 | D:4      | Found Wecill's Antique Armour Shop.
  3518 | D:4      | Reached skill level 5 in Shapeshifting
  3518 | D:4      | Reached XP level 7. HP: 57/57 MP: 7/7
  3546 | D:4      | Found a shimmering altar of Xom.
  3782 | D:5      | Entered Level 5 of the Dungeon
  3962 | D:5      | Reached skill level 6 in Shapeshifting
  4775 | D:6      | Reached skill level 7 in Shapeshifting
  5018 | D:6      | Found Wautotez's Antique Weapon Emporium.
  5018 | D:6      | Found Herru's Jewellery Emporium.
  5018 | D:6      | Found Rouhir's Armour Emporium.
  5061 | D:6      | Noticed a steam dragon
  5061 | D:6      | Found a staircase to the Ecumenical Temple.
  5194 | D:6      | Reached XP level 8. HP: 33/67 MP: 8/8
  5368 | D:6      | Found Athress's Antique Weapon Emporium.
  5526 | D:6      | Found an ornate altar of the Wu Jian Council.
  5527 | D:6      | Found a blossoming altar of Fedhas.
  5527 | D:6      | Found an iron altar of Okawaru.
  5529 | D:6      | Found a basalt altar of Yredelemnul.
  5529 | D:6      | Found a glowing golden altar of the Shining One.
  5529 | D:6      | Found an opulent altar of Gozag.
  5532 | D:6      | Found a sparkling altar of Nemelex Xobeh.
  5532 | D:6      | Found an ancient bone altar of Kikubaaqudgha.
  5532 | D:6      | Found a sacrificial altar of Ru.
  5573 | D:6      | Became a worshipper of the Wu Jian Council
  6127 | D:7      | HP: 1/73 [killer bee (8)]
  6127 | D:7      | Slain by a killer bee

Illustrated notes

Levels and vault maps discovered:
D:1:      eino_arrival_water_star, layout_loops_ring, serial_shops, shop,
          minmay_misc_feat_tower
D:2:      wad_lake_hut, layout_basic, uniq_natasha
D:3:      layout_rooms, nicolae_overflow_two_pavilions, serial_shops,
          nicolae_shop_stone, hex_large, minmay_cut_off, uniq_jessica
D:4:      layout_cave_pools, nicolae_overflow_hidden_temple, serial_shops,
          nicolae_shop_temple_entry_statues_fountains,
          nicolae_shop_tiny_real_fake_doors, hangedman_decor_diamond_cutter
D:5:      layout_loops_ring
D:6:      layout_rooms, nicolae_overflows_in_rows, minmay_temple_entry_arrows,
          serial_curves, eino_curves_03, eino_curves_02, serial_shops, shop,
          nicolae_shop_distant_corner_stores
D:7:      minmay_bubble_buster, layout_loops_ring, enter_bailey_5,
          gup_ossuary_entry_pyramid, uniq_jeremiah, uniq_maurice

Skill      XL: |  1  2  3  4  5  6  7  8 |
---------------+-------------------------+-----
Unarmed Combat | 4 5 6 |  6.9
Shapeshifting  | 4 5 7 |  7.0
Fighting       | 4 |  4.4
Dodging        | |  1.5

Action                     |  1- 3 |  4- 6 |  7- 9 || total
---------------------------+-------+-------+-------++-------
  Melee: Unarmed           |    78 |   155 |   119 ||   352
         Punch             |     2 |     6 |       ||     8
Ability: Spit Poison       |       |    11 |    21 ||    32
         Lunge             |       |       |     1 ||     1
    Use: Scroll            |       |       |     3 ||     3
 Armour: Robe              |    50 |    95 |    33 ||   178
         Skin              |       |       |    54 ||    54
  Dodge: Dodged            |    36 |    56 |    86 ||   178
   Form: Beast             |     1 |       |       ||     1
         Flux              |       |       |     1 ||     1
